[ PARTIDA AOE2 · #494300242 ]
UnrankedMalíes vs Sicilians
Equipo del jugador · VICT
Equipo rival · DERR
[ ANÁLISIS DE REPETICIÓN · EXTRAÍDO DE LA PARTIDA GRABADA ]
Feudal
10:35
Castillos
31:36
Imperial
—
| APM promedio | 40.3 |
| APM pico | 97 |
| eAPM promedio | 22.6 |
| Aldeanos / militares | 61 / 23 |
Foco
⚔️ 41.9% · 🌾 58.1%
Archer ×21 · Militia ×2
Feudal
17:15
Castillos
—
Imperial
—
| APM promedio | 36.0 |
| APM pico | 78 |
| eAPM promedio | 19.8 |
| Aldeanos / militares | 61 / 0 |
Foco
⚔️ 38.2% · 🌾 61.8%
Mapa de la partida
Recursos iniciales + cada clic de construcción. Líneas = muros · curvas = relieve. ◆ oro · ⬟ piedra · ● bayas · ✦ reliquia · ◌ hueco del cierre
Tu base· Abierta — hueco de 1t
Base de drush· Abierta — hueco de 9t
Terreno inicial suavizado · ◌ = hueco del cierre detectado · pasá el cursor para detalles
Inputs por minuto
— chubstorm - - drush
Build order — chubstorm
Primeras 150 de 166 acciones detectadas
| 0:01 | Crear | Villager (Male) |
| 0:02 | Construir | House |
| 0:03 | Construir | House |
| 0:15 | Crear | Villager (Male) |
| 0:27 | Crear | Villager (Male) |
| 0:43 | Crear | Villager (Male) |
| 0:43 | Crear | Villager (Male) |
| 1:13 | Crear | Villager (Male) |
| 1:42 | Crear | Villager (Male) |
| 2:15 | Crear | Villager (Male) |
| 2:43 | Construir | Lumber Camp |
| 2:53 | Crear | Villager (Male) |
| 3:01 | Crear | Villager (Male) |
| 3:23 | Crear | Villager (Male) |
| 3:43 | Crear | Villager (Male) |
| 4:09 | Crear | Villager (Male) |
| 4:11 | Construir | House |
| 4:33 | Construir | Palisade Wall |
| 4:36 | Crear | Villager (Male) |
| 4:52 | Construir | House |
| 4:55 | Construir | Palisade Wall |
| 4:55 | Construir | Palisade Wall |
| 4:56 | Construir | Palisade Wall |
| 4:57 | Construir | Palisade Wall |
| 5:04 | Crear | Villager (Male) |
| 5:28 | Crear | Villager (Male) |
| 5:47 | Crear | Villager (Male) |
| 6:01 | Crear | Villager (Male) |
| 6:26 | Construir | Palisade Wall |
| 6:35 | Crear | Villager (Male) |
| 6:39 | Construir | Mill |
| 7:01 | Crear | Villager (Male) |
| 7:38 | Construir | Farm |
| 8:00 | Crear | Villager (Male) |
| 8:08 | Construir | Mining Camp |
| 8:22 | Investigar | Feudal Age |
| 8:44 | Construir | House |
| 8:46 | Construir | House |
| 8:47 | Construir | Palisade Wall |
| 8:53 | Construir | Palisade Wall |
| 8:57 | Construir | Palisade Wall |
| 9:02 | Construir | House |
| 9:11 | Construir | Palisade Wall |
| 9:20 | Crear | Villager (Male) |
| 9:27 | Construir | Palisade Wall |
| 9:49 | Crear | Villager (Male) |
| 10:05 | Crear | Villager (Male) |
| 10:26 | Crear | Villager (Male) |
| 10:33 | Construir | Palisade Wall |
| 10:35 | Construir | Palisade Wall |
| 10:35 | Edad | Edad Feudal |
| 10:50 | Crear | Villager (Male) |
| 10:54 | Construir | Barracks |
| 10:56 | Crear | Villager (Male) |
| 11:05 | Crear | Villager (Male) |
| 11:12 | Crear | Villager (Male) |
| 11:17 | Construir | House |
| 11:30 | Crear | Villager (Male) |
| 11:32 | Construir | Farm |
| 11:33 | Construir | Farm |
| 11:34 | Crear | Villager (Male) |
| 11:44 | Construir | Palisade Wall |
| 11:46 | Construir | Palisade Wall |
| 11:49 | Crear | Villager (Male) |
| 12:00 | Crear | Villager (Male) |
| 12:04 | Construir | Farm |
| 12:08 | Construir | Palisade Wall |
| 12:12 | Crear | Villager (Male) |
| 12:42 | Construir | House |
| 12:43 | Construir | Palisade Gate |
| 12:50 | Construir | House |
| 12:56 | Construir | Palisade Wall |
| 13:08 | Crear | Villager (Male) |
| 13:16 | Construir | Archery Range |
| 13:43 | Crear | Militia |
| 13:43 | Crear | Militia |
| 13:52 | Crear | Archer |
| 13:52 | Crear | Archer |
| 14:23 | Crear | Villager (Male) |
| 15:04 | Investigar | Loom |
| 15:14 | Crear | Villager (Male) |
| 15:14 | Construir | Farm |
| 15:29 | Crear | Archer |
| 15:30 | Crear | Archer |
| 15:47 | Investigar | Double-Bit Axe |
| 16:17 | Crear | Archer |
| 16:17 | Crear | Villager (Male) |
| 16:27 | Construir | House |
| 16:31 | Construir | Farm |
| 16:39 | Crear | Villager (Male) |
| 16:59 | Crear | Archer |
| 17:53 | Crear | Archer |
| 18:00 | Crear | Villager (Male) |
| 18:22 | Crear | Villager (Male) |
| 18:33 | Crear | Villager (Male) |
| 18:40 | Crear | Archer |
| 18:54 | Construir | Farm |
| 18:55 | Crear | Villager (Male) |
| 19:47 | Construir | Market |
| 19:50 | Construir | House |
| 20:00 | Crear | Archer |
| 20:29 | Construir | Farm |
| 20:32 | Crear | Villager (Male) |
| 20:37 | Construir | Farm |
| 20:49 | Crear | Archer |
| 20:52 | Crear | Villager (Male) |
| 21:08 | Construir | Blacksmith |
| 21:23 | Crear | Villager (Male) |
| 21:51 | Construir | Mining Camp |
| 21:53 | Crear | Villager (Male) |
| 21:58 | Crear | Archer |
| 22:16 | Crear | Villager (Male) |
| 22:30 | Construir | Farm |
| 22:35 | Crear | Villager (Male) |
| 22:56 | Crear | Archer |
| 23:04 | Investigar | Fletching |
| 23:05 | Crear | Villager (Male) |
| 23:18 | Crear | Archer |
| 23:38 | Crear | Archer |
| 24:07 | Crear | Villager (Male) |
| 24:10 | Crear | Villager (Male) |
| 24:15 | Construir | Lumber Camp |
| 24:23 | Crear | Archer |
| 24:34 | Construir | Watch Tower |
| 24:37 | Crear | Villager (Male) |
| 25:13 | Construir | Mill |
| 25:13 | Construir | Farm |
| 25:13 | Construir | Farm |
| 25:14 | Construir | Farm |
| 25:14 | Construir | Farm |
| 25:14 | Construir | Farm |
| 25:24 | Crear | Villager (Male) |
| 26:35 | Crear | Villager (Male) |
| 26:38 | Construir | Farm |
| 26:40 | Construir | Farm |
| 26:56 | Crear | Villager (Male) |
| 27:03 | Crear | Villager (Male) |
| 27:25 | Crear | Villager (Male) |
| 27:26 | Construir | Farm |
| 27:27 | Crear | Archer |
| 27:27 | Crear | Archer |
| 27:28 | Crear | Archer |
| 27:28 | Crear | Archer |
| 27:50 | Construir | Palisade Wall |
| 27:51 | Construir | Palisade Wall |
| 27:51 | Construir | Palisade Wall |
| 27:51 | Construir | Palisade Wall |
| 28:19 | Construir | House |
| 28:21 | Construir | House |
| 28:55 | Construir | Watch Tower |
Build order — drush
114 acciones detectadas en el replay
| 0:00 | Crear | Villager (Male) |
| 0:00 | Crear | Villager (Male) |
| 0:02 | Construir | House |
| 0:04 | Construir | House |
| 0:04 | Crear | Villager (Male) |
| 0:07 | Crear | Villager (Male) |
| 1:43 | Crear | Villager (Male) |
| 1:43 | Crear | Villager (Male) |
| 1:55 | Crear | Villager (Male) |
| 2:14 | Crear | Villager (Male) |
| 2:33 | Crear | Villager (Male) |
| 2:42 | Construir | Lumber Camp |
| 2:59 | Crear | Villager (Male) |
| 3:03 | Crear | Villager (Male) |
| 3:27 | Construir | House |
| 3:37 | Crear | Villager (Male) |
| 3:52 | Crear | Villager (Male) |
| 4:00 | Crear | Villager (Male) |
| 5:09 | Crear | Villager (Male) |
| 5:17 | Construir | House |
| 5:20 | Construir | Palisade Wall |
| 5:23 | Construir | Palisade Wall |
| 5:24 | Construir | Palisade Wall |
| 5:35 | Crear | Villager (Male) |
| 5:44 | Crear | Villager (Male) |
| 6:07 | Crear | Villager (Male) |
| 6:19 | Crear | Villager (Male) |
| 6:27 | Construir | Mill |
| 6:31 | Crear | Villager (Male) |
| 6:52 | Construir | Palisade Wall |
| 6:54 | Construir | Palisade Wall |
| 6:56 | Construir | Palisade Wall |
| 7:22 | Investigar | Loom |
| 8:18 | Construir | House |
| 8:20 | Crear | Villager (Male) |
| 8:48 | Crear | Villager (Male) |
| 8:52 | Crear | Villager (Male) |
| 8:55 | Crear | Villager (Male) |
| 8:59 | Crear | Villager (Male) |
| 9:01 | Crear | Villager (Male) |
| 9:09 | Crear | Villager (Male) |
| 9:16 | Crear | Villager (Male) |
| 9:20 | Crear | Villager (Male) |
| 9:28 | Crear | Villager (Male) |
| 9:30 | Crear | Villager (Male) |
| 10:12 | Crear | Villager (Male) |
| 10:14 | Crear | Villager (Male) |
| 10:35 | Construir | House |
| 10:55 | Crear | Villager (Male) |
| 11:13 | Crear | Villager (Male) |
| 11:44 | Crear | Villager (Male) |
| 12:30 | Crear | Villager (Male) |
| 13:01 | Crear | Villager (Male) |
| 13:28 | Construir | Town Center |
| 14:02 | Crear | Villager (Male) |
| 14:10 | Crear | Villager (Male) |
| 14:21 | Construir | Mining Camp |
| 14:33 | Construir | Mill |
| 14:47 | Crear | Villager (Male) |
| 14:48 | Investigar | Feudal Age |
| 14:56 | Construir | House |
| 15:00 | Construir | Mining Camp |
| 16:08 | Crear | Villager (Male) |
| 16:13 | Construir | Lumber Camp |
| 17:15 | Edad | Edad Feudal |
| 17:17 | Construir | Donjon |
| 17:21 | Investigar | Double-Bit Axe |
| 17:23 | Crear | Villager (Male) |
| 17:26 | Investigar | Horse Collar |
| 17:31 | Investigar | Stone Mining |
| 17:42 | Construir | Donjon |
| 18:04 | Crear | Villager (Male) |
| 18:11 | Crear | Villager (Male) |
| 18:26 | Construir | Palisade Wall |
| 18:29 | Construir | Palisade Wall |
| 18:33 | Construir | Palisade Gate |
| 18:35 | Crear | Villager (Male) |
| 19:32 | Construir | Palisade Wall |
| 19:58 | Construir | Palisade Gate |
| 20:25 | Construir | Farm |
| 21:01 | Construir | House |
| 21:42 | Construir | House |
| 22:43 | Construir | Town Center |
| 23:18 | Construir | Town Center |
| 24:02 | Crear | Villager (Male) |
| 24:16 | Construir | Lumber Camp |
| 24:19 | Construir | Farm |
| 24:20 | Construir | Farm |
| 24:20 | Construir | Farm |
| 24:47 | Construir | Farm |
| 24:52 | Construir | Farm |
| 24:55 | Construir | Farm |
| 24:59 | Construir | Donjon |
| 25:06 | Crear | Villager (Male) |
| 25:26 | Construir | Donjon |
| 25:42 | Crear | Villager (Male) |
| 26:36 | Crear | Villager (Male) |
| 26:42 | Crear | Villager (Male) |
| 26:53 | Crear | Villager (Male) |
| 27:13 | Crear | Villager (Male) |
| 28:06 | Construir | House |
| 28:11 | Construir | House |
| 28:12 | Construir | House |
| 28:24 | Crear | Villager (Male) |
| 28:25 | Crear | Villager (Male) |
| 28:28 | Construir | Donjon |
| 28:43 | Crear | Villager (Male) |
| 28:54 | Construir | House |
| 29:02 | Crear | Villager (Male) |
| 29:58 | Crear | Villager (Male) |
| 30:01 | Construir | House |
| 30:33 | Crear | Villager (Male) |
| 30:46 | Crear | Villager (Male) |
| 31:30 | Crear | Villager (Male) |
Cronología de la partida
| 4:33 | chubstorm · wall_segment Palisade Wall x10 |
| 4:55 | chubstorm · wall_segment Palisade Wall x4 |
| 4:55 | chubstorm · wall_segment Palisade Wall x5 |
| 4:56 | chubstorm · wall_segment Palisade Wall x5 |
| 4:57 | chubstorm · wall_segment Palisade Wall x8 |
| 5:20 | drush · wall_segment Palisade Wall x4 |
| 5:23 | drush · wall_segment Palisade Wall x4 |
| 5:24 | drush · wall_segment Palisade Wall x3 |
| 6:26 | chubstorm · wall_segment Palisade Wall x22 |
| 6:52 | drush · wall_segment Palisade Wall x1 |
| 6:54 | drush · wall_segment Palisade Wall x3 |
| 6:56 | drush · wall_segment Palisade Wall x8 |
| 8:47 | chubstorm · wall_segment Palisade Wall x1 |
| 8:53 | chubstorm · wall_segment Palisade Wall x1 |
| 8:57 | chubstorm · wall_segment Palisade Wall x1 |
| 9:11 | chubstorm · wall_segment Palisade Wall x1 |
| 9:27 | chubstorm · wall_segment Palisade Wall x1 |
| 10:33 | chubstorm · wall_segment Palisade Wall x1 |
| 10:35 | chubstorm · wall_segment Palisade Wall x1 |
| 10:35 | chubstorm · age_up feudal |
| 10:54 | chubstorm · first_building Barracks |
| 11:44 | chubstorm · wall_segment Palisade Wall x1 |
| 11:46 | chubstorm · wall_segment Palisade Wall x1 |
| 12:08 | chubstorm · wall_segment Palisade Wall x1 |
| 12:56 | chubstorm · wall_segment Palisade Wall x1 |
| 13:16 | chubstorm · first_building Archery Range |
| 17:15 | drush · age_up feudal |
| 17:17 | drush · first_building Donjon |
| 18:26 | drush · wall_segment Palisade Wall x1 |
| 18:29 | drush · wall_segment Palisade Wall x1 |
| 19:32 | drush · wall_segment Palisade Wall x1 |
| 20:31 | chubstorm · first_market_buy 100 food |
| 22:45 | chubstorm · first_market_sell 100 wood |
| 27:50 | chubstorm · wall_segment Palisade Wall x1 |
| 27:51 | chubstorm · wall_segment Palisade Wall x1 |
| 27:51 | chubstorm · wall_segment Palisade Wall x2 |
| 27:51 | chubstorm · wall_segment Palisade Wall x2 |
| 30:02 | chubstorm · wall_segment Palisade Wall x1 |
| 30:02 | chubstorm · wall_segment Palisade Wall x1 |
| 30:02 | chubstorm · wall_segment Palisade Wall x2 |
| 30:02 | chubstorm · wall_segment Palisade Wall x1 |
| 30:02 | chubstorm · wall_segment Palisade Wall x2 |
| 31:36 | chubstorm · age_up castle |
| 31:49 | drush · resign |
[ ANÁLISIS IA · 1 CRÉDITO ]
¿Qué pasó realmente en esta partida?
Wolo.gg analiza cada decisión: build order, eco, micro, errores típicos por bracket. Análisis personalizado por WhatsApp o Discord en 30 segundos.
Guía civ
Malíes
Perfil
Jugador #254815